[ AOE2 MATCH · #466231053 ]
UnrankedCumans vs Berbers
[ REPLAY ANALYSIS · EXTRACTED FROM THE RECORDED GAME ]
Feudal
14:08
Castle
—
Imperial
—
| APM avg | 13.8 |
| APM peak | 30 |
| eAPM avg | 9.1 |
| Villagers / military | 73 / 0 |
Focus
⚔️ 5.4% · 🌾 94.6%
Feudal
9:44
Castle
—
Imperial
—
| APM avg | 18.4 |
| APM peak | 46 |
| eAPM avg | 7.8 |
| Villagers / military | 42 / 0 |
Focus
⚔️ 1.5% · 🌾 98.5%
Feudal
11:09
Castle
15:36
Imperial
—
| APM avg | 11.8 |
| APM peak | 35 |
| eAPM avg | 7.8 |
| Villagers / military | 53 / 0 |
Focus
⚔️ 13.0% · 🌾 87.0%
Feudal
10:33
Castle
19:59
Imperial
—
| APM avg | 11.8 |
| APM peak | 21 |
| eAPM avg | 10.2 |
| Villagers / military | 94 / 0 |
Focus
⚔️ 10.0% · 🌾 90.0%
Match map
Initial resources + every placement click. Lines = walls · curves = elevation contours. ◆ gold · ⬟ stone · ● berries · ✦ relic · ◌ wall gap
Your base· Open — unwalled flank
Rebeca's base· Open — unwalled flank
alonsonce's base· Open — unwalled flank
PORREZNO's base· Open — 7t gap
Smoothed initial terrain · ◌ = detected wall gap · hover for details
Inputs per minute
— abencp97 - - Rebeca
Build order — abencp97
119 actions detected in the replay
| 0:06 | Build | House |
| 0:08 | Build | House |
| 0:19 | Create | Villager (Male) |
| 0:20 | Create | Villager (Male) |
| 0:20 | Create | Villager (Male) |
| 0:20 | Create | Villager (Male) |
| 0:43 | Build | House |
| 0:46 | Build | House |
| 1:16 | Build | House |
| 1:20 | Build | House |
| 2:40 | Create | Villager (Male) |
| 2:40 | Create | Villager (Male) |
| 2:50 | Create | Villager (Male) |
| 2:50 | Create | Villager (Male) |
| 2:58 | Create | Villager (Male) |
| 4:32 | Create | Villager (Male) |
| 4:33 | Create | Villager (Male) |
| 4:35 | Create | Villager (Male) |
| 4:35 | Create | Villager (Male) |
| 4:36 | Create | Villager (Male) |
| 4:36 | Create | Villager (Male) |
| 5:12 | Create | Villager (Male) |
| 5:12 | Create | Villager (Male) |
| 5:27 | Build | Lumber Camp |
| 5:34 | Create | Villager (Male) |
| 5:34 | Create | Villager (Male) |
| 6:02 | Create | Villager (Male) |
| 6:34 | Create | Villager (Male) |
| 7:04 | Build | Mining Camp |
| 7:17 | Create | Villager (Male) |
| 7:17 | Create | Villager (Male) |
| 7:18 | Create | Villager (Male) |
| 8:38 | Create | Villager (Male) |
| 8:38 | Create | Villager (Male) |
| 8:39 | Create | Villager (Male) |
| 8:43 | Create | Villager (Male) |
| 8:45 | Create | Villager (Male) |
| 8:45 | Create | Villager (Male) |
| 9:28 | Create | Villager (Male) |
| 9:30 | Create | Villager (Male) |
| 9:30 | Create | Villager (Male) |
| 9:31 | Create | Villager (Male) |
| 9:31 | Create | Villager (Male) |
| 10:14 | Create | Villager (Male) |
| 10:15 | Create | Villager (Male) |
| 10:32 | Build | Mining Camp |
| 10:39 | Research | Loom |
| 10:55 | Create | Villager (Male) |
| 11:04 | Create | Villager (Male) |
| 11:05 | Create | Villager (Male) |
| 11:58 | Research | Feudal Age |
| 12:11 | Build | House |
| 12:14 | Build | House |
| 12:16 | Build | House |
| 12:18 | Build | House |
| 12:25 | Build | House |
| 12:27 | Build | House |
| 12:29 | Build | House |
| 12:37 | Create | Villager (Male) |
| 12:38 | Create | Villager (Male) |
| 12:40 | Create | Villager (Male) |
| 12:40 | Create | Villager (Male) |
| 12:41 | Create | Villager (Male) |
| 13:22 | Build | Mill |
| 13:35 | Build | Mill |
| 13:51 | Build | Farm |
| 13:51 | Build | Farm |
| 13:51 | Build | Farm |
| 13:52 | Build | Farm |
| 13:52 | Build | Farm |
| 13:53 | Build | Farm |
| 13:53 | Build | Farm |
| 14:00 | Build | Farm |
| 14:00 | Build | Farm |
| 14:08 | Age | Feudal Age |
| 14:20 | Create | Villager (Male) |
| 14:20 | Create | Villager (Male) |
| 14:22 | Create | Villager (Male) |
| 14:24 | Create | Villager (Male) |
| 14:24 | Create | Villager (Male) |
| 14:49 | Create | Villager (Male) |
| 14:53 | Create | Villager (Male) |
| 15:29 | Research | Double-Bit Axe |
| 15:32 | Research | Horse Collar |
| 16:40 | Build | Market |
| 16:47 | Build | Blacksmith |
| 17:06 | Create | Villager (Male) |
| 17:15 | Create | Villager (Male) |
| 17:16 | Create | Villager (Male) |
| 17:16 | Create | Villager (Male) |
| 17:16 | Create | Villager (Male) |
| 17:17 | Create | Villager (Male) |
| 17:17 | Create | Villager (Male) |
| 17:18 | Create | Villager (Male) |
| 17:18 | Create | Villager (Male) |
| 17:18 | Create | Villager (Male) |
| 18:10 | Build | Barracks |
| 18:48 | Research | Gold Mining |
| 18:49 | Research | Stone Mining |
| 19:10 | Research | Castle Age |
| 19:30 | Create | Villager (Male) |
| 19:30 | Create | Villager (Male) |
| 19:30 | Create | Villager (Male) |
| 19:33 | Create | Villager (Male) |
| 20:20 | Build | Siege Workshop |
| 20:22 | Build | Siege Workshop |
| 20:24 | Build | Siege Workshop |
| 20:28 | Build | Barracks |
| 20:31 | Build | Barracks |
| 20:34 | Build | Barracks |
| 20:35 | Build | Barracks |
| 20:36 | Build | Barracks |
| 20:49 | Create | Villager (Male) |
| 20:49 | Create | Villager (Male) |
| 20:50 | Create | Villager (Male) |
| 20:51 | Create | Villager (Male) |
| 20:52 | Create | Villager (Male) |
| 20:53 | Create | Villager (Male) |
| 20:54 | Create | Villager (Male) |
Build order — Rebeca
73 actions detected in the replay
| 0:04 | Build | House |
| 0:08 | Build | House |
| 0:14 | Create | Villager (Male) |
| 0:14 | Create | Villager (Male) |
| 0:14 | Create | Villager (Male) |
| 0:15 | Create | Villager (Male) |
| 1:59 | Create | Villager (Male) |
| 2:00 | Create | Villager (Male) |
| 2:11 | Create | Villager (Male) |
| 2:24 | Research | Loom |
| 3:29 | Create | Villager (Male) |
| 3:29 | Create | Villager (Male) |
| 3:30 | Create | Villager (Male) |
| 3:31 | Create | Villager (Male) |
| 3:31 | Create | Villager (Male) |
| 4:30 | Create | Villager (Male) |
| 4:31 | Create | Villager (Male) |
| 4:31 | Create | Villager (Male) |
| 4:47 | Build | Lumber Camp |
| 5:06 | Build | House |
| 5:07 | Build | House |
| 5:10 | Build | House |
| 6:38 | Build | Mill |
| 6:47 | Create | Villager (Male) |
| 6:53 | Create | Villager (Male) |
| 7:01 | Create | Villager (Male) |
| 7:15 | Build | Lumber Camp |
| 7:34 | Research | Feudal Age |
| 9:12 | Create | Villager (Male) |
| 9:13 | Create | Villager (Male) |
| 9:13 | Create | Villager (Male) |
| 9:13 | Create | Villager (Male) |
| 9:44 | Age | Feudal Age |
| 10:38 | Create | Villager (Male) |
| 10:38 | Create | Villager (Male) |
| 10:39 | Create | Villager (Male) |
| 11:07 | Create | Villager (Male) |
| 11:08 | Create | Villager (Male) |
| 11:11 | Create | Villager (Male) |
| 11:11 | Create | Villager (Male) |
| 11:17 | Create | Villager (Male) |
| 11:18 | Create | Villager (Male) |
| 11:18 | Create | Villager (Male) |
| 11:39 | Build | House |
| 12:31 | Build | Blacksmith |
| 12:36 | Build | Market |
| 13:07 | Build | House |
| 13:08 | Build | House |
| 13:10 | Build | House |
| 13:21 | Build | Mining Camp |
| 13:41 | Build | Mining Camp |
| 14:47 | Build | House |
| 14:48 | Build | House |
| 15:03 | Research | Fletching |
| 15:45 | Research | Gold Mining |
| 15:47 | Research | Stone Mining |
| 15:50 | Research | Double-Bit Axe |
| 15:55 | Research | Horse Collar |
| 16:05 | Create | Villager (Male) |
| 16:05 | Create | Villager (Male) |
| 16:05 | Create | Villager (Male) |
| 16:50 | Build | Mining Camp |
| 16:56 | Create | Villager (Male) |
| 16:56 | Create | Villager (Male) |
| 17:04 | Build | Mining Camp |
| 17:25 | Create | Villager (Male) |
| 18:35 | Build | Mill |
| 18:59 | Create | Villager (Male) |
| 19:45 | Research | Castle Age |
| 20:26 | Create | Villager (Male) |
| 20:27 | Create | Villager (Male) |
| 20:27 | Create | Villager (Male) |
| 20:37 | Research | Wheelbarrow |
Build order — alonsonce
82 actions detected in the replay
| 0:01 | Create | Villager (Male) |
| 0:01 | Create | Villager (Male) |
| 0:01 | Create | Villager (Male) |
| 0:02 | Create | Villager (Male) |
| 0:04 | Build | House |
| 0:05 | Build | House |
| 0:17 | Build | House |
| 0:18 | Build | House |
| 0:38 | Create | Villager (Male) |
| 0:54 | Build | House |
| 0:55 | Build | House |
| 1:34 | Create | Villager (Male) |
| 1:58 | Create | Villager (Male) |
| 2:20 | Create | Villager (Male) |
| 2:21 | Create | Villager (Male) |
| 2:22 | Create | Villager (Male) |
| 2:46 | Create | Villager (Male) |
| 2:47 | Create | Villager (Male) |
| 2:58 | Create | Villager (Male) |
| 3:21 | Create | Villager (Male) |
| 3:23 | Create | Villager (Male) |
| 3:25 | Create | Villager (Male) |
| 3:58 | Create | Villager (Male) |
| 4:02 | Create | Villager (Male) |
| 4:28 | Build | Mill |
| 4:47 | Create | Villager (Male) |
| 4:49 | Create | Villager (Male) |
| 5:00 | Create | Villager (Male) |
| 5:01 | Create | Villager (Male) |
| 5:02 | Create | Villager (Male) |
| 5:10 | Create | Villager (Male) |
| 5:19 | Create | Villager (Male) |
| 5:19 | Create | Villager (Male) |
| 5:39 | Build | Lumber Camp |
| 5:42 | Create | Villager (Male) |
| 5:53 | Create | Villager (Male) |
| 5:55 | Create | Villager (Male) |
| 6:00 | Create | Villager (Male) |
| 6:03 | Create | Villager (Male) |
| 6:12 | Create | Villager (Male) |
| 6:13 | Create | Villager (Male) |
| 6:14 | Create | Villager (Male) |
| 6:27 | Build | Mining Camp |
| 7:09 | Create | Villager (Male) |
| 7:26 | Build | House |
| 7:27 | Build | House |
| 7:28 | Build | House |
| 7:29 | Build | House |
| 8:32 | Create | Villager (Male) |
| 8:32 | Create | Villager (Male) |
| 8:33 | Create | Villager (Male) |
| 8:59 | Research | Feudal Age |
| 9:59 | Create | Villager (Male) |
| 10:11 | Build | Mill |
| 10:36 | Build | Barracks |
| 10:38 | Build | House |
| 10:39 | Build | House |
| 10:50 | Create | Villager (Male) |
| 10:50 | Create | Villager (Male) |
| 10:50 | Create | Villager (Male) |
| 10:51 | Create | Villager (Male) |
| 10:52 | Create | Villager (Male) |
| 10:52 | Create | Villager (Male) |
| 10:52 | Create | Villager (Male) |
| 10:53 | Create | Villager (Male) |
| 10:53 | Create | Villager (Male) |
| 10:54 | Create | Villager (Male) |
| 10:54 | Create | Villager (Male) |
| 10:54 | Create | Villager (Male) |
| 10:55 | Create | Villager (Male) |
| 11:09 | Age | Feudal Age |
| 11:20 | Build | Market |
| 11:23 | Build | Blacksmith |
| 11:24 | Build | House |
| 11:26 | Build | House |
| 11:41 | Build | Stable |
| 11:58 | Build | Mining Camp |
| 12:38 | Build | Mill |
| 12:43 | Research | Castle Age |
| 13:27 | Research | Scale Barding Armor |
| 13:42 | Create | Villager (Male) |
| 15:36 | Age | Castle Age |
Build order — PORREZNO
128 actions detected in the replay
| 0:04 | Create | Villager (Male) |
| 0:04 | Create | Villager (Male) |
| 0:04 | Create | Villager (Male) |
| 0:05 | Create | Villager (Male) |
| 0:05 | Create | Villager (Male) |
| 0:11 | Build | House |
| 0:15 | Build | House |
| 1:54 | Build | Mill |
| 2:04 | Create | Villager (Male) |
| 2:17 | Create | Villager (Male) |
| 2:17 | Create | Villager (Male) |
| 2:33 | Build | Lumber Camp |
| 2:46 | Create | Villager (Male) |
| 2:47 | Create | Villager (Male) |
| 3:16 | Create | Villager (Male) |
| 3:16 | Create | Villager (Male) |
| 3:16 | Create | Villager (Male) |
| 3:36 | Create | Villager (Male) |
| 3:36 | Create | Villager (Male) |
| 3:58 | Create | Villager (Male) |
| 3:59 | Create | Villager (Male) |
| 4:05 | Create | Villager (Male) |
| 4:06 | Create | Villager (Male) |
| 4:26 | Create | Villager (Male) |
| 4:35 | Create | Villager (Male) |
| 4:35 | Create | Villager (Male) |
| 4:48 | Create | Villager (Male) |
| 4:49 | Create | Villager (Male) |
| 4:55 | Build | House |
| 5:01 | Build | House |
| 5:03 | Build | House |
| 5:20 | Create | Villager (Male) |
| 5:20 | Create | Villager (Male) |
| 5:20 | Create | Villager (Male) |
| 5:29 | Create | Villager (Male) |
| 5:29 | Create | Villager (Male) |
| 5:50 | Create | Villager (Male) |
| 5:50 | Create | Villager (Male) |
| 5:50 | Create | Villager (Male) |
| 5:50 | Create | Villager (Male) |
| 6:16 | Create | Villager (Male) |
| 6:58 | Build | Mill |
| 7:08 | Build | Mining Camp |
| 7:18 | Create | Villager (Male) |
| 7:18 | Create | Villager (Male) |
| 7:18 | Create | Villager (Male) |
| 7:19 | Create | Villager (Male) |
| 7:19 | Create | Villager (Male) |
| 7:19 | Create | Villager (Male) |
| 7:44 | Build | Mill |
| 7:48 | Create | Villager (Male) |
| 7:48 | Create | Villager (Male) |
| 7:49 | Create | Villager (Male) |
| 8:23 | Research | Feudal Age |
| 8:38 | Build | Mining Camp |
| 8:42 | Create | Villager (Male) |
| 8:42 | Create | Villager (Male) |
| 8:43 | Create | Villager (Male) |
| 8:43 | Create | Villager (Male) |
| 8:43 | Create | Villager (Male) |
| 9:06 | Build | Mining Camp |
| 9:26 | Build | Lumber Camp |
| 9:30 | Create | Villager (Male) |
| 9:30 | Create | Villager (Male) |
| 9:30 | Create | Villager (Male) |
| 9:31 | Create | Villager (Male) |
| 9:31 | Create | Villager (Male) |
| 9:31 | Create | Villager (Male) |
| 9:32 | Create | Villager (Male) |
| 9:45 | Build | House |
| 10:09 | Create | Villager (Male) |
| 10:09 | Create | Villager (Male) |
| 10:10 | Create | Villager (Male) |
| 10:10 | Create | Villager (Male) |
| 10:10 | Create | Villager (Male) |
| 10:33 | Create | Villager (Male) |
| 10:33 | Create | Villager (Male) |
| 10:33 | Age | Feudal Age |
| 10:33 | Create | Villager (Male) |
| 11:11 | Research | Wheelbarrow |
| 11:23 | Build | House |
| 11:27 | Build | House |
| 11:27 | Build | House |
| 11:27 | Build | House |
| 11:30 | Build | House |
| 11:41 | Create | Villager (Male) |
| 11:41 | Create | Villager (Male) |
| 11:44 | Create | Villager (Male) |
| 11:44 | Create | Villager (Male) |
| 11:44 | Create | Villager (Male) |
| 12:05 | Research | Double-Bit Axe |
| 12:18 | Research | Gold Mining |
| 12:27 | Create | Villager (Male) |
| 12:28 | Create | Villager (Male) |
| 12:28 | Create | Villager (Male) |
| 12:28 | Create | Villager (Male) |
| 13:16 | Create | Villager (Male) |
| 13:16 | Create | Villager (Male) |
| 13:17 | Create | Villager (Male) |
| 13:22 | Create | Villager (Male) |
| 13:22 | Create | Villager (Male) |
| 14:06 | Create | Villager (Male) |
| 14:06 | Create | Villager (Male) |
| 14:07 | Create | Villager (Male) |
| 14:07 | Create | Villager (Male) |
| 14:07 | Create | Villager (Male) |
| 14:07 | Create | Villager (Male) |
| 14:08 | Create | Villager (Male) |
| 14:08 | Create | Villager (Male) |
| 14:08 | Create | Villager (Male) |
| 14:09 | Create | Villager (Male) |
| 14:24 | Build | Mill |
| 15:31 | Build | Barracks |
| 15:38 | Build | Blacksmith |
| 16:02 | Create | Villager (Male) |
| 16:03 | Create | Villager (Male) |
| 16:03 | Create | Villager (Male) |
| 16:18 | Create | Villager (Male) |
| 16:18 | Create | Villager (Male) |
| 16:28 | Research | Loom |
| 16:32 | Research | Loom |
| 16:48 | Build | Archery Range |
| 16:58 | Build | Market |
| 17:07 | Create | Villager (Male) |
| 17:09 | Create | Villager (Male) |
| 17:19 | Research | Castle Age |
| 17:26 | Build | House |
| 19:59 | Age | Castle Age |
Match timeline
| 9:44 | Rebeca · age_up feudal |
| 10:33 | PORREZNO · age_up feudal |
| 10:36 | alonsonce · first_building Barracks |
| 11:09 | alonsonce · age_up feudal |
| 11:41 | alonsonce · first_building Stable |
| 14:08 | abencp97 · age_up feudal |
| 15:31 | PORREZNO · first_building Barracks |
| 15:36 | alonsonce · age_up castle |
| 16:48 | PORREZNO · first_building Archery Range |
| 16:54 | alonsonce · tribute_sent a jugador 1 |
| 16:54 | alonsonce · tribute_sent a jugador 3 |
| 16:54 | alonsonce · tribute_sent a jugador 4 |
| 17:25 | alonsonce · resign |
| 18:10 | abencp97 · first_building Barracks |
| 19:05 | abencp97 · first_market_buy 100 food |
| 19:59 | PORREZNO · age_up castle |
| 20:20 | abencp97 · first_building Siege Workshop |
[ AI ANALYSIS · 1 CREDIT ]
What really happened in this match?
Wolo.gg analyzes every decision: build order, eco, micro, common mistakes by bracket. Personalized analysis on WhatsApp or Discord in 30 seconds.
Civ guide
Cumans
Perfil
Jugador #2298685